 Dungeon Sprint DCSS version 0.17-a0-1210-g1e4f09d (webtiles) character file.

20738 Kidiri the Unseen (level 12, -5/71 HPs)
             Began as a Spriggan Assassin on June 3, 2015.
             Was the Champion of Dithmenos.
             Killed by divine providence
             ... invoked by a daeva
              (13 damage)
             ... in the Dungeon (Sprint I: "Red Sonja").
             The game lasted 00:40:46 (4822 turns).

Kidiri the Unseen (Spriggan Assassin)               Turns: 4822, Time: 00:40:46

Health: -5/71      AC:  5    Str:  7    XL:     12   Next: 48%
Magic:  21/21      EV: 39    Int: 12    God:    Dithmenos [******]
Gold:   874        SH:  0    Dex: 28    Spells: 0 memorised, 11 levels left

rFire  . . .     SeeInvis +     G - +4 dagger
rCold  + . .     Clarity  .     v - +2 robe {rC+}
rNeg   . . .     SustAt   .     (shield restricted)
rPois  +         Gourm    .     (helmet restricted)
rElec  .         Spirit   .     d - +0 cloak
rCorr  .         Warding  .     (gloves unavailable)
rMut   .         NoTele   +     (boots unavailable)
MR     ++...                    (no amulet)
Stlth  +++++++++.               E - ring of poison resistance
                                w - +5 ring of dexterity

@: very slightly contaminated, very quick, very resistant to hostile
enchantments, incredibly stealthy
A: unfitting armour, see invisible, herbivore 3, speed 3, slow metabolism 2
a: Shadow Step, Shadow Form, Renounce Religion


You were in the Dungeon.
You worshipped Dithmenos.
Dithmenos was exalted by your worship.
You were full.

You visited 1 branch You collected 2951 gold pieces.
You spent 2077 gold pieces at shops.

Inventory:

Hand weapons
 a - a +2 dagger
 b - a +0 blowgun
 h - a +0 short sword of venom
 m - a +0 rapier of venom
 r - a +0 shortbow
 F - a +3 short sword of holy wrath
 G - a +4 dagger (weapon)
Missiles
 e - 26 poisoned needles
 f - 6 curare-tipped needles
 s - 22 arrows
Armour
 d - a +0 cloak (worn)
 v - a +2 robe of cold resistance (worn)
Jewellery
 n - an uncursed ring of protection from cold
 p - an uncursed ring of stealth
 q - an uncursed ring of sustain attributes
 w - a +5 ring of dexterity (left hand)
 E - a ring of poison resistance (right hand)
Magical devices
 o - a wand of confusion (21)
Scrolls
 x - 5 scrolls of identify
Potions
 c - a potion of lignification {unknown}
 j - a potion of haste
 k - 2 potions of magic
 l - a potion of berserk rage
 u - 3 potions of curing
 C - a potion of brilliance
Comestibles
 g - a bread ration


   Skills:
 * Level 11.8 Fighting
 * Level 14.5 Short Blades
 * Level 14.7 Throwing
 * Level 18.3 Dodging
 * Level 20.1 Stealth
 + Level 9.0 Invocations
 + Level 11.1 Evocations


You had 11 spell levels left.
You didn't know any spells.

Dungeon Overview and Level Annotations

Branches:
Dungeon (1/1)

Altars:
Cheibriados
Dithmenos
Elyvilon
Fedhas
Gozag
Kikubaaqudgha
Makhleb
Nemelex Xobeh
Okawaru
Qazlal
Ru
Sif Muna
Trog
Vehumet
Xom
Yredelemnul
Zin
The Shining One
Jiyva

Shops:
D =(%}(?*[}%[*((**!}?[%

Annotations:
D Norris


Innate Abilities, Weirdness & Mutations

You are tiny and cannot use many weapons and most armour.
You have supernaturally acute eyesight.
You are a herbivore.
You cover ground extremely quickly.
You need consume almost no food.


Message History

The fire giant gestures at you while chanting.
The bolt of fire hits you!
* * * LOW HITPOINT WARNING * * *
You emit a cloud of dark smoke.
There is an open door here.
You close the door.
The daeva calls down the wrath of the Shining One upon you.
Something smites you!
* * * LOW HITPOINT WARNING * * *
You emit a cloud of dark smoke.
Drink which item? (? for menu, Esc to quit)
Okay, then.
Read which item? (? for menu, Esc to quit)
Blink to where?
Press: ? - help, Dir - move target cursor You are very lightly contaminated with residual magic.
As you read the scroll of blinking, it crumbles to dust.
The daeva calls down the wrath of the Shining One upon you.
Something smites you!
You die...

##########################*******
'...#)(#§§§§§§§§§§§'..#^^+,,,,*,,
#.).##§#§####§§§.§##..'..#,,,,**,
#)..§§§#§#?###.§§#######+#,,,,,**
#####§.§§#'#.###§#:[.##..#,,,,,*,
#..##+####^.§#@#@##...#..#*,,,,*,
§..#§§§§.#.§§###..###.#..≈***+**,
#.§#.§.^§+§§§§.##.#A#.#..≈,,*,***
##'###.§§#§§§§.#§§###.#.m≈,**+*,,
##.'.#§§.###§'##§##...#..≈#*,,,,,
.###§#§.###..###§§#+###,,≈*,,,,,,
)∩##§#..####..###§§.#,≈,,**,,,,,,
####.##'#..#(.#.###.#,≈,,*,,,,,,,
.§##§##)#...§.....#.#**,,*,,,,,,,


You could see a daeva.

Vanquished Creatures
  3 fire giants (D)
  A lorocyproca (D)
  A hydra (D)
  2 centaur warriors (D)
  Sonja (D)
  A deep troll (D)
  7 unseen horrors (D)
  A lindwurm (D)
  8 shining eyes (D)
  An oklob plant (D)
  4 demonic crawlers (D)
  A gargoyle (D)
  2 kobold demonologists (D)
  A slime creature (D)
  4 trapdoor spiders (D)
  Sigmund (D)
  13 hogs (D)
  A yak (D)
  An ogre (D)
  A wasp (D)
  7 necrophages (D)
  8 jellies (D)
  Ijyb (D)
  7 giant eyeballs (D)
  A giant spore (D)
  2 ballistomycetes (D)
81 creatures vanquished.

Vanquished Creatures (others)
  A gargoyle (D)
  A giant spore (D)
2 creatures vanquished.

Grand Total: 83 creatures vanquished

Notes
Turn   | Place    | Note
--------------------------------------------------------------
     0 | D        | Kidiri the Spriggan Assassin began the quest for the Orb.
     0 | D        | Reached XP level 1. HP: 10/10 MP: 2/2
     2 | D        | Noticed Ijyb
    33 | D        | Killed Ijyb
    33 | D        | Reached skill level 7 in Stealth
    33 | D        | Reached XP level 2. HP: 5/16 MP: 3/3
   350 | D        | Noticed an ogre
   353 | D        | Killed an ogre
   353 | D        | Reached skill level 8 in Stealth
   353 | D        | Reached XP level 3. HP: 19/21 MP: 4/4
   353 | D        | Reached XP level 4. HP: 22/25 MP: 5/5
   393 | D        | Noticed Sigmund
   396 | D        | Killed Sigmund
   396 | D        | Reached skill level 5 in Short Blades
   396 | D        | Reached skill level 10 in Stealth
   396 | D        | Reached XP level 5. HP: 28/30 MP: 6/6
   396 | D        | Reached XP level 6. HP: 32/35 MP: 7/7
   427 | D        | Found a snail-covered altar of Cheibriados.
   427 | D        | Found a viscous altar of Jiyva.
   427 | D        | Found a shadowy altar of Dithmenos.
   427 | D        | Found a blossoming altar of Fedhas.
   427 | D        | Noticed a slime creature
   430 | D        | Killed a slime creature
   430 | D        | Reached skill level 5 in Fighting
   430 | D        | Reached skill level 11 in Stealth
   434 | D        | Became a worshipper of Dithmenos the Shadowed
   452 | D        | Found a deep blue altar of Sif Muna.
   453 | D        | Noticed a jelly
   454 | D        | Found a radiant altar of Vehumet.
   458 | D        | Killed a jelly
   494 | D        | Found Iqan's Gadget Emporium.
   494 | D        | Found a white marble altar of Elyvilon.
   494 | D        | Found a stormy altar of Qazlal.
   494 | D        | Found a burning altar of Makhleb.
   494 | D        | Found a sacrificial altar of Ru.
   494 | D        | Found a basalt altar of Yredelemnul.
   494 | D        | Found a glowing golden altar of the Shining One.
   494 | D        | Found a sparkling altar of Nemelex Xobeh.
   494 | D        | Found a shimmering altar of Xom.
   494 | D        | Found an opulent altar of Gozag.
   494 | D        | Found an ancient bone altar of Kikubaaqudgha.
   494 | D        | Found a glowing silver altar of Zin.
   494 | D        | Noticed a yak
   495 | D        | Found an iron altar of Okawaru.
   496 | D        | Killed a yak
   496 | D        | Reached skill level 10 in Dodging
   496 | D        | Reached skill level 12 in Stealth
   496 | D        | Reached skill level 1 in Invocations
   496 | D        | Reached XP level 7. HP: 40/40 MP: 8/8
   497 | D        | Found a bloodstained altar of Trog.
   501 | D        | Bought a wand of confusion (23) for 187 gold pieces
   508 | D        | Noticed Sonja
   526 | D        | Killed Sonja
   526 | D        | Reached skill level 13 in Stealth
   526 | D        | Reached XP level 8. HP: 25/45 MP: 8/11
   721 | D        | Found Cetzot's Jewellery Boutique.
   729 | D        | Bought an uncursed ring of stealth for 245 gold pieces
   743 | D        | Noticed a deep troll
   747 | D        | Killed a deep troll
   757 | D        | Found Wudega's Armour Emporium.
   783 | D        | Noticed a centaur warrior
   785 | D        | Noticed a centaur warrior
   787 | D        | Killed a centaur warrior
   787 | D        | Reached skill level 10 in Throwing
   787 | D        | Reached skill level 14 in Stealth
   787 | D        | Reached skill level 5 in Evocations
   787 | D        | Reached XP level 9. HP: 49/51 MP: 13/13
   789 | D        | Killed a centaur warrior
   789 | D        | Acquired Dithmenos's first power
   789 | D        | Reached skill level 10 in Short Blades
   789 | D        | Reached skill level 15 in Stealth
   804 | D        | Noticed a wasp
   807 | D        | Killed a wasp
   818 | D        | Noticed an oklob plant
   820 | D        | Killed an oklob plant
   820 | D        | Reached skill level 5 in Invocations
   958 | D        | Noticed a trapdoor spider
   961 | D        | Noticed a trapdoor spider
   963 | D        | Noticed a trapdoor spider
   970 | D        | Killed a trapdoor spider
   977 | D        | Killed a trapdoor spider
  1076 | D        | Killed a trapdoor spider
  1076 | D        | Acquired Dithmenos's second power
  1076 | D        | Reached XP level 10. HP: 36/57 MP: 15/15
  1280 | D        | Noticed a trapdoor spider
  1287 | D        | Killed a trapdoor spider
  1490 | D        | Noticed an unseen horror
  1494 | D        | Noticed an unseen horror
  1498 | D        | Killed an unseen horror
  1498 | D        | Reached skill level 16 in Stealth
  1500 | D        | Killed an unseen horror
  1546 | D        | Noticed a kobold demonologist
  1547 | D        | Noticed a kobold demonologist
  1548 | D        | Killed a kobold demonologist
  1566 | D        | Killed a kobold demonologist
  1566 | D        | Acquired Dithmenos's third power
  1613 | D        | Bought a +5 ring of dexterity for 576 gold pieces
  1652 | D        | Noticed a demonic crawler
  1652 | D        | Noticed a demonic crawler
  1652 | D        | Noticed a demonic crawler
  1652 | D        | Noticed a demonic crawler
  1654 | D        | Killed a demonic crawler
  1656 | D        | Killed a demonic crawler
  1657 | D        | Killed a demonic crawler
  1658 | D        | Killed a demonic crawler
  1658 | D        | Reached skill level 15 in Dodging
  1676 | D        | Noticed a lindwurm
  1678 | D        | Killed a lindwurm
  1678 | D        | Acquired Dithmenos's fourth power
  1678 | D        | Reached skill level 17 in Stealth
  1684 | D        | Noticed a hog
  1684 | D        | Noticed a hog
  1684 | D        | Noticed a hog
  1684 | D        | Noticed a hog
  1684 | D        | Noticed a hog
  1684 | D        | Noticed a hog
  1684 | D        | Noticed a hog
  1686 | D        | Killed a hog
  1687 | D        | Killed a hog
  1688 | D        | Noticed a hog
  1699 | D        | Killed a hog
  1703 | D        | Noticed a hog
  1758 | D        | Noticed a hog
  1758 | D        | Noticed a hog
  1759 | D        | Killed a hog
  1759 | D        | Reached XP level 11. HP: 63/63 MP: 18/18
  1760 | D        | Killed a hog
  1761 | D        | Noticed a hog
  1762 | D        | Noticed a hog
  1763 | D        | Killed a hog
  1764 | D        | Killed a hog
  1765 | D        | Killed a hog
  1766 | D        | Killed a hog
  1766 | D        | Reached skill level 10 in Fighting
  1788 | D        | Killed a hog
  1800 | D        | Killed a hog
  1809 | D        | Killed a hog
  1819 | D        | Killed a hog
  1838 | D        | Noticed a 12-headed hydra
  1840 | D        | Killed a 12-headed hydra
  1854 | D        | Noticed a siren
  1869 | D        | Noticed a daeva
  1892 | D        | Noticed a gargoyle
  1984 | D        | Noticed a jelly
  1984 | D        | Noticed a jelly
  1984 | D        | Noticed a jelly
  1984 | D        | Noticed a jelly
  1984 | D        | Noticed a jelly
  1984 | D        | Noticed a jelly
  1984 | D        | Noticed a jelly
  1986 | D        | Killed a jelly
  1987 | D        | Killed a jelly
  1989 | D        | Killed a jelly
  1990 | D        | Killed a jelly
  1991 | D        | Noticed a necrophage
  1991 | D        | Noticed a necrophage
  1991 | D        | Noticed a necrophage
  1992 | D        | Killed a jelly
  1993 | D        | Noticed a necrophage
  1993 | D        | Noticed a necrophage
  1994 | D        | Killed a jelly
  1995 | D        | Killed a jelly
  2035 | D        | Noticed a necrophage
  2035 | D        | Noticed a necrophage
  2060 | D        | Killed a necrophage
  2077 | D        | Killed a necrophage
  2087 | D        | Killed a necrophage
  2211 | D        | Found Terph's Antique Armour Shoppe.
  2211 | D        | Found Vuogaroq's Gadget Boutique.
  2212 | D        | Found Exkivyum's Gadget Boutique.
  2212 | D        | Found Yfianeoc's Magic Scroll Emporium.
  2214 | D        | Killed a necrophage
  2215 | D        | Killed a necrophage
  2215 | D        | Reached skill level 18 in Stealth
  2216 | D        | Killed a necrophage
  2226 | D        | Killed a necrophage
  2244 | D        | Found Veerr's General Store.
  2246 | D        | Found Zyhonna's Food Emporium.
  2246 | D        | Found Gedaatui's Antique Armour Shop.
  2246 | D        | Found Acoysiupt's Assorted Antiques.
  2246 | D        | Found Wyt Zat's Antique Weapon Boutique.
  2246 | D        | Found Apruloiz's Antique Weapon Emporium.
  2246 | D        | Found Tuqeage's General Store.
  2246 | D        | Found Mumupim's General Store.
  2251 | D        | Bought an embroidered robe for 21 gold pieces
  2292 | D        | Found Onuy's Distillery.
  2294 | D        | Bought a runed robe for 16 gold pieces
  2294 | D        | Found Kaire's Food Emporium.
  2295 | D        | Bought a scroll labeled QAMO ZIETRU for 18 gold pieces
  2295 | D        | Bought a dark potion for 16 gold pieces
  2295 | D        | Bought a scroll labeled BIUPNU WOSSITS for 18 gold pieces
  2295 | D        | Bought a scroll labeled QAMO ZIETRU for 18 gold pieces
  2295 | D        | Bought a blackened gilded ring for 90 gold pieces
  2298 | D        | Bought a runed short sword for 72 gold pieces
  2300 | D        | Bought a runed dagger for 40 gold pieces
  2303 | D        | Bought a potion of curing for 30 gold pieces
  2304 | D        | Bought a potion of curing for 33 gold pieces
  2304 | D        | Bought a potion of curing for 33 gold pieces
  2305 | D        | Bought a scroll of magic mapping for 35 gold pieces
  2305 | D        | Bought a scroll of identify for 20 gold pieces
  2317 | D        | Bought a scroll of remove curse for 30 gold pieces
  2389 | D        | Noticed a shining eye
  2389 | D        | Noticed a shining eye
  2389 | D        | Noticed a shining eye
  2389 | D        | Noticed a shining eye
  2389 | D        | Noticed a shining eye
  2389 | D        | Noticed a shining eye
  2392 | D        | Noticed a shining eye
  2392 | D        | Noticed a shining eye
  2393 | D        | Killed a shining eye
  2394 | D        | Killed a shining eye
  2396 | D        | Killed a shining eye
  2398 | D        | Killed a shining eye
  2402 | D        | Killed a shining eye
  2404 | D        | Killed a shining eye
  2407 | D        | Gained mutation: You occasionally shout uncontrollably at your foes. [a shining eye]
  2416 | D        | Gained mutation: You are clumsy. (Dex -2) [a shining eye]
  2417 | D        | Gained mutation: Your body sometimes deteriorates upon taking damage. [a shining eye]
  2418 | D        | Gained mutation: Your spells are a little easier to cast, but a little less powerful. [a shining eye]
  2518 | D        | Gained mutation: You have sharp toenails. [a shining eye]
  2518 | D        | Gained mutation: You are very clumsy. (Dex -4) [a shining eye]
  2521 | D        | Gained mutation: Your spells are easier to cast, but less powerful. [a shining eye]
  2524 | D        | Gained mutation: Armour fits poorly on your strangely shaped body. [a shining eye]
  2529 | D        | Gained mutation: You are dopey. (Int -2) [a shining eye]
  2538 | D        | Lost mutation: You occasionally shout uncontrollably at your foes. [a shining eye]
  2542 | D        | Killed a shining eye
  2691 | D        | Gained mutation: Your body often deteriorates upon taking damage. [a shining eye]
  2694 | D        | Gained mutation: You are very dopey. (Int -4) [a shining eye]
  2705 | D        | Killed a shining eye
  2725 | D        | Found Ritoaff's Weapon Shop.
  2725 | D        | Found Emoakar's Antique Weapon Shoppe.
  2725 | D        | Found Xomioso's Magic Scroll Boutique.
  2725 | D        | Found Jeng's Food Emporium.
  2816 | D        | Noticed an unseen horror
  2816 | D        | Noticed an unseen horror
  2816 | D        | Noticed an unseen horror
  2817 | D        | Noticed an unseen horror
  2820 | D        | Killed an unseen horror
  2820 | D        | Reached skill level 10 in Evocations
  2821 | D        | Noticed an unseen horror
  2878 | D        | Killed a gargoyle
  2901 | D        | Killed an unseen horror
  2901 | D        | Reached skill level 19 in Stealth
  2905 | D        | Killed an unseen horror
  3139 | D        | Killed an unseen horror
  3185 | D        | Killed an unseen horror
  3185 | D        | Reached XP level 12. HP: 70/70 MP: 20/20
  3718 | D        | Bought a potion of cure mutation for 385 gold pieces
  3718 | D        | Lost mutation: Your spells are easier to cast, but less powerful. [potion of cure mutation]
  3718 | D        | Lost mutation: You have sharp toenails. [potion of cure mutation]
  3718 | D        | Lost mutation: Your spells are a little easier to cast, but a little less powerful. [potion of cure mutation]
  3718 | D        | Lost mutation: Armour fits poorly on your strangely shaped body. [potion of cure mutation]
  3718 | D        | Lost mutation: You are very dopey. (Int -4) [potion of cure mutation]
  3719 | D        | Lost mutation: You are very clumsy. (Dex -4) [potion of cure mutation]
  3719 | D        | Lost mutation: Your body often deteriorates upon taking damage. [potion of cure mutation]
  3719 | D        | Lost mutation: Your body sometimes deteriorates upon taking damage. [potion of cure mutation]
  3719 | D        | Lost mutation: You are dopey. (Int -2) [potion of cure mutation]
  3719 | D        | Lost mutation: You are clumsy. (Dex -2) [potion of cure mutation]
  3990 | D        | Killed a gargoyle
  4024 | D        | Noticed Norris
  4024 | D        | Noticed a lorocyproca
  4113 | D        | Killed a lorocyproca
  4548 | D        | Noticed a fire giant
  4550 | D        | Noticed a fire giant
  4550 | D        | Noticed a fire giant
  4550 | D        | Noticed a fire giant
  4551 | D        | Killed a fire giant
  4553 | D        | Killed a fire giant
  4691 | D        | Bought a scroll of blinking for 90 gold pieces
  4700 | D        | Bought a runed rapier for 104 gold pieces
  4802 | D        | Killed a fire giant
  4802 | D        | Reached skill level 20 in Stealth
  4822 | D        | Killed from afar by a daeva

Vault maps used:
D:        dungeon_sprint_1

Action                   |  1- 3 |  4- 6 |  7- 9 | 10-12 || total
-------------------------+-------+-------+-------+-------++-------
Melee: Dagger            |     4 |     4 |    31 |    34 ||    73
       Short sword       |       |       |    24 |   302 ||   326
 Fire: Blowgun           |    10 |       |     9 |     8 ||    27
       Shortbow          |       |       |     1 |       ||     1
Invok: Shadow Step       |       |       |       |     9 ||     9
       Shadow Form       |       |       |       |     3 ||     3
Evoke: Wand              |       |       |       |     2 ||     2
  Use: Potion            |       |       |     1 |     5 ||     6
       Scroll            |       |       |       |     8 ||     8
 Stab: Sleeping          |     1 |     4 |     5 |    44 ||    54
       Distracted        |       |       |       |     1 ||     1
       Confused          |       |       |       |     2 ||     2
  Eat: Pizza             |       |       |       |     1 ||     1
       Bread ration      |       |       |       |     1 ||     1
